TOP OF THE 1ST |
New Orleans Looters batting - Pitching for Birmingham Steeldogs : RHP Barton Johnson
|
Pitching: RHP Barton Johnson
|
|
Batting: LHB Jeff Cole
|
0-0: Swinging Strike 0-1: Foul Ball, location: 2F 0-2: Ball 1-2: Ball 2-2: Ball 3-2: Fly out, F8 (Flyball, 78D)
|
Batting: RHB Dave O'Loan
|
0-0: Ball 1-0: Called Strike 1-1: Swinging Strike 1-2: Strikes out swinging
|
Batting: SHB Oliver Deleón
|
0-0: Ball 1-0: SOLO HOME RUN (Flyball, 8RXD), Distance : 429 ft
|
Batting: LHB Seung-chun Mun
|
0-0: Foul Ball, location: 2F 0-1: Ball 1-1: Ball 2-1: Fly out, F9 (Flyball, 9LS)
|
Top of the 1st over - 1 run(s), 1 hit(s), 0 error(s), 0 left on base; New Orleans 1 - Birmingham 0 |
BOTTOM OF THE 1ST |
Birmingham Steeldogs batting - Pitching for New Orleans Looters : RHP Chris Martin
|
Pitching: RHP Chris Martin
|
|
Batting: RHB Nick Webb
|
0-0: Swinging Strike 0-1: Called Strike 0-2: Foul Ball, location: 2F 0-2: Strikes out swinging
|
Batting: RHB Sixto Vélez
|
0-0: Ball 1-0: Ball 2-0: Called Strike 2-1: Ball 3-1: Fly out, F7 (Flyball, 78S)
|
Batting: LHB José Hernández
|
0-0: Ball 1-0: Ground out 3-1 (Groundball, 34S)
|
Bottom of the 1st over - 0 run(s), 0 hit(s), 0 error(s), 0 left on base; New Orleans 1 - Birmingham 0 |
TOP OF THE 2ND |
New Orleans Looters batting - Pitching for Birmingham Steeldogs : RHP Barton Johnson
|
Batting: RHB José Mora
|
0-0: Ball 1-0: Called Strike 1-1: Foul Ball, location: 2F 1-2: Strikes out looking
|
Batting: SHB Nate Rhodes
|
0-0: Called Strike 0-1: SINGLE (Groundball, 56D)
|
Batting: LHB Francisco Vega
|
0-0: Ball 1-0: Ball 2-0: Called Strike 2-1: Foul Ball, location: 2F 2-2: Fly out, F8 (Flyball, 78D)
|
Batting: RHB John Anderson
|
0-0: Called Strike Nate Rhodes is caught stealing 2nd base
|
Top of the 2nd over - 0 run(s), 1 hit(s), 0 error(s), 0 left on base; New Orleans 1 - Birmingham 0 |
BOTTOM OF THE 2ND |
Birmingham Steeldogs batting - Pitching for New Orleans Looters : RHP Chris Martin
|
Batting: LHB José Martínez
|
0-0: Ball 1-0: Ground out 4-3 (Groundball, 4)
|
Batting: RHB Yujiro Kurihara
|
0-0: Ground out 6-3 (Groundball, 6D)
|
Batting: RHB Bob Johnson
|
0-0: Swinging Strike 0-1: Called Strike 0-2: Ball 1-2: Strikes out swinging
|
Bottom of the 2nd over - 0 run(s), 0 hit(s), 0 error(s), 0 left on base; New Orleans 1 - Birmingham 0 |
TOP OF THE 3RD |
New Orleans Looters batting - Pitching for Birmingham Steeldogs : RHP Barton Johnson
|
Batting: RHB John Anderson
|
0-0: Ball 1-0: Fly out, F5 (Line Drive, 56)
|
Batting: SHB Arturo Sánchez
|
0-0: SINGLE (Line Drive, 4D)
|
Batting: LHB Jeff Cole
|
0-0: Called Strike 0-1: Foul Ball, location: 2F 0-2: Ball 1-2: TRIPLE (Groundball, 5L) Arturo Sánchez scores
|
Batting: RHB Dave O'Loan
|
0-0: Called Strike 0-1: Ball 1-1: Ball 2-1: Ground out 6-3 (Groundball, 6) Jeff Cole scores
|
Batting: SHB Oliver Deleón
|
0-0: Fly out, F7 (Flyball, 7)
|
Top of the 3rd over - 2 run(s), 2 hit(s), 0 error(s), 0 left on base; New Orleans 3 - Birmingham 0 |
BOTTOM OF THE 3RD |
Birmingham Steeldogs batting - Pitching for New Orleans Looters : RHP Chris Martin
|
Batting: RHB Eric Johnson
|
0-0: SINGLE (Groundball, 34D)
|
Batting: SHB Orlando Aguilar
|
0-0: 2-RUN HOME RUN (Flyball, 9D), Distance : 383 ft
|
Batting: RHB José Carlos Caraballo
|
0-0: SINGLE (Groundball, 4MD)
|
Batting: RHB Nick Webb
|
0-0: Grounds into double play, 4-6-3 (Groundball, 4)
|
Batting: RHB Sixto Vélez
|
0-0: Ball 1-0: Ball 2-0: SINGLE (Flyball, 7S)
|
Batting: LHB José Hernández
|
0-0: Called Strike 0-1: Foul Ball, location: 2F 0-2: SINGLE (Groundball, 4) (infield hit) Sixto Vélez to second
|
Batting: LHB José Martínez
|
0-0: Fly out, F2 (Popup, 13)
|
Bottom of the 3rd over - 2 run(s), 5 hit(s), 0 error(s), 2 left on base; New Orleans 3 - Birmingham 2 |
TOP OF THE 4TH |
New Orleans Looters batting - Pitching for Birmingham Steeldogs : RHP Barton Johnson
|
Batting: LHB Seung-chun Mun
|
0-0: DOUBLE (Flyball, 89D)
|
Batting: RHB José Mora
|
0-0: Called Strike 0-1: Ball 1-1: Ground out 5-3 (Groundball, 56)
|
Batting: SHB Nate Rhodes
|
0-0: Called Strike 0-1: Called Strike 0-2: Ball 1-2: Foul Ball, location: 2F 1-2: Foul Ball, location: 2F 1-2: Foul Ball, location: 2F 1-2: Ball 2-2: Ball 3-2: SINGLE (Line Drive, 56D) Seung-chun Mun to third
|
Batting: LHB Francisco Vega
|
0-0: SINGLE (Groundball, 4MD) Seung-chun Mun scores Nate Rhodes to second
|
Batting: RHB John Anderson
|
0-0: SINGLE (Line Drive, 6M) Nate Rhodes to third Francisco Vega to second
|
Batting: SHB Arturo Sánchez
|
0-0: Ball 1-0: Called Strike 1-1: Ball 2-1: SINGLE (Line Drive, 78S) Nate Rhodes scores Francisco Vega to third John Anderson to second Runner from 3rd tries for Home, SAFE, no throw
|
Pitching: RHP Michel Dallaire
|
|
Batting: LHB Jeff Cole
|
0-0: Foul Ball, location: 2F 0-1: Foul Ball, location: 2F 0-2: Ball 1-2: Ball 2-2: SINGLE (Line Drive, 9LS) John Anderson to third Arturo Sánchez to second
|
Batting: RHB Dave O'Loan
|
0-0: Ball 1-0: Foul Ball, location: 2F 1-1: Swinging Strike 1-2: Ball 2-2: Ball 3-2: Fly out, F8 (Flyball, 89S)
|
Batting: SHB Oliver Deleón
|
0-0: Called Strike 0-1: GRAND SLAM HOME RUN (Line Drive, 78XD), Distance : 389 ft
|
Batting: LHB Seung-chun Mun
|
0-0: Called Strike 0-1: Ball 1-1: DOUBLE (Line Drive, 7D)
|
Batting: RHB José Mora
|
0-0: Swinging Strike 0-1: Ball 1-1: Ball 2-1: Fly out, F7 (Flyball, 7LMF)
|
Top of the 4th over - 7 run(s), 8 hit(s), 0 error(s), 1 left on base; New Orleans 10 - Birmingham 2 |
BOTTOM OF THE 4TH |
Birmingham Steeldogs batting - Pitching for New Orleans Looters : RHP Chris Martin
|
Batting: RHB Yujiro Kurihara
|
0-0: Swinging Strike 0-1: Ball 1-1: Foul Ball, location: 2F 1-2: Foul Ball, location: 2F 1-2: Ball 2-2: Ground out 5-3 (Groundball, 5)
|
Batting: RHB Bob Johnson
|
0-0: Foul Ball, location: 2F 0-1: DOUBLE (Groundball, 5L)
|
Batting: RHB Eric Johnson
|
0-0: Called Strike 0-1: Swinging Strike 0-2: Ball 1-2: SINGLE (Flyball, 8RS) Bob Johnson to third
|
Batting: SHB Orlando Aguilar
|
0-0: Called Strike 0-1: Ball 1-1: DOUBLE (Line Drive, 9LM) Bob Johnson scores Eric Johnson to third
|
Batting: RHB José Carlos Caraballo
|
0-0: Swinging Strike 0-1: SINGLE (Groundball, 34D) Eric Johnson scores Orlando Aguilar to third
|
Batting: RHB Nick Webb
|
0-0: Ball 1-0: Called Strike 1-1: Ball 2-1: Ball 3-1: Foul Ball, location: 2F 3-2: Foul Ball, location: 2F 3-2: Fly out, F4 (Popup, 3D)
|
Batting: RHB Sixto Vélez
|
0-0: Ball 1-0: Ball 2-0: Ball 3-0: Called Strike 3-1: DOUBLE (Line Drive, 7LM) Orlando Aguilar scores José Carlos Caraballo to third Runner from 3rd tries for Home, SAFE, no throw
|
Pitching: RHP Bartolo González
|
|
Batting: LHB José Hernández
|
0-0: Ground out 4-3 (Groundball, 4)
|
Bottom of the 4th over - 4 run(s), 5 hit(s), 0 error(s), 1 left on base; New Orleans 10 - Birmingham 6 |
TOP OF THE 5TH |
New Orleans Looters batting - Pitching for Birmingham Steeldogs : RHP Michel Dallaire
|
Batting: SHB Nate Rhodes
|
0-0: Called Strike 0-1: Ground out 5-3 (Groundball, 56S)
|
Batting: LHB Francisco Vega
|
0-0: Foul Ball, location: 2F 0-1: Hit by Pitch
|
Batting: RHB John Anderson
|
0-0: Ball 1-0: Ball 2-0: Called Strike 2-1: Called Strike 2-2: Hit by Pitch Francisco Vega to second
|
Batting: SHB Arturo Sánchez
|
0-0: Grounds into double play, 5-4-3 (Groundball, 5)
|
Top of the 5th over - 0 run(s), 0 hit(s), 0 error(s), 1 left on base; New Orleans 10 - Birmingham 6 |
BOTTOM OF THE 5TH |
Birmingham Steeldogs batting - Pitching for New Orleans Looters : RHP Bartolo González
|
Batting: LHB José Martínez
|
0-0: Called Strike 0-1: Ball 1-1: Ball 2-1: Swinging Strike 2-2: Ball 3-2: Foul Ball, location: 2F 3-2: Ground out U3 (Groundball, 34S)
|
Batting: RHB Yujiro Kurihara
|
0-0: Swinging Strike 0-1: Foul Ball, location: 2F 0-2: Foul Ball, location: 2F 0-2: Ground out 6-3 (Groundball, 6)
|
Batting: RHB Bob Johnson
|
0-0: Ball 1-0: Foul Ball, location: 2F 1-1: Ground out 5-3 (Groundball, 56S)
|
Bottom of the 5th over - 0 run(s), 0 hit(s), 0 error(s), 0 left on base; New Orleans 10 - Birmingham 6 |
TOP OF THE 6TH |
New Orleans Looters batting - Pitching for Birmingham Steeldogs : RHP Michel Dallaire
|
Pitching: RHP Ken Lyons
|
|
Batting: LHB Jeff Cole
|
0-0: Foul Ball, location: 2F 0-1: Ball 1-1: Ball 2-1: SINGLE (Groundball, 4MD)
|
Batting: RHB Dave O'Loan
|
0-0: Called Strike 0-1: Ground out 6-3 (Groundball, 56D) Jeff Cole to second
|
Batting: SHB Oliver Deleón
|
0-0: Called Strike 0-1: Ball 1-1: Ball 2-1: Fly out, F7 (Flyball, 7)
|
Batting: LHB Seung-chun Mun
|
0-0: Ball 1-0: Ball 2-0: Ball 3-0: Base on Balls
|
Batting: RHB José Mora
|
0-0: Ball 1-0: Called Strike 1-1: Called Strike 1-2: Ball 2-2: Strikes out swinging
|
Top of the 6th over - 0 run(s), 1 hit(s), 0 error(s), 2 left on base; New Orleans 10 - Birmingham 6 |
BOTTOM OF THE 6TH |
Birmingham Steeldogs batting - Pitching for New Orleans Looters : RHP Bartolo González
|
Batting: RHB Eric Johnson
|
0-0: Foul Ball, location: 2F 0-1: Ball 1-1: Ball 2-1: Ball 3-1: Base on Balls
|
Batting: SHB Orlando Aguilar
|
0-0: Called Strike Eric Johnson steals 2nd base 0-1: Swinging Strike 0-2: Ball 1-2: Ball 2-2: Foul Ball, location: 2F 2-2: 2-RUN HOME RUN (Flyball, 9LD), Distance : 375 ft
|
Pitching: LHP Tadao Yoshida
|
|
Batting: RHB José Carlos Caraballo
|
0-0: Ground out 4-3 (Groundball, 4)
|
Batting: RHB Nick Webb
|
0-0: Ball 1-0: Ground out U3 (Groundball, 34)
|
Batting: RHB Sixto Vélez
|
0-0: Ball 1-0: Ball 2-0: Foul Ball, location: 2F 2-1: SINGLE (Groundball, 56D)
|
Batting: LHB José Hernández
|
0-0: Called Strike 0-1: Called Strike 0-2: Ball 1-2: Ball 2-2: Strikes out swinging
|
Bottom of the 6th over - 2 run(s), 2 hit(s), 0 error(s), 1 left on base; New Orleans 10 - Birmingham 8 |
TOP OF THE 7TH |
New Orleans Looters batting - Pitching for Birmingham Steeldogs : RHP Ken Lyons
|
Batting: SHB Nate Rhodes
|
0-0: Ball 1-0: Foul Ball, location: 2F 1-1: Ball 2-1: Foul Ball, location: 2F 2-2: Ball 3-2: Fly out, F3 (Line Drive, 34)
|
Batting: LHB Francisco Vega
|
0-0: Ball 1-0: Ground out 3-1 (Groundball, 34)
|
Batting: RHB John Anderson
|
0-0: Ball 1-0: Swinging Strike 1-1: Called Strike 1-2: Ball 2-2: Fly out, F7 (Flyball, 7D)
|
Top of the 7th over - 0 run(s), 0 hit(s), 0 error(s), 0 left on base; New Orleans 10 - Birmingham 8 |
BOTTOM OF THE 7TH |
Birmingham Steeldogs batting - Pitching for New Orleans Looters : LHP Tadao Yoshida
|
Batting: LHB José Martínez
|
0-0: Swinging Strike 0-1: SINGLE (Groundball, 56D)
|
Batting: RHB Yujiro Kurihara
|
0-0: Foul Ball, location: 2F 0-1: Ball 1-1: Swinging Strike 1-2: Strikes out swinging
|
Batting: RHB Bob Johnson
|
0-0: Called Strike 0-1: Called Strike 0-2: Ball 1-2: Fly out, F5 (Popup, 5L)
|
Batting: RHB Eric Johnson
|
0-0: Ball 1-0: Ball 2-0: Called Strike 2-1: SINGLE (Line Drive, 89S) José Martínez to second Runner from 2nd tries for 3rd, SAFE, throw made to third
|
Batting: SHB Orlando Aguilar
|
0-0: Ball 1-0: Called Strike 1-1: Ball 2-1: Foul Ball, location: 2F 2-2: Ball 3-2: Strikes out swinging
|
Bottom of the 7th over - 0 run(s), 2 hit(s), 0 error(s), 2 left on base; New Orleans 10 - Birmingham 8 |
TOP OF THE 8TH |
New Orleans Looters batting - Pitching for Birmingham Steeldogs : RHP Ken Lyons
|
Batting: SHB Arturo Sánchez
|
0-0: Ground out 5-3 (Groundball, 56)
|
Batting: LHB Jeff Cole
|
0-0: Ball 1-0: Called Strike 1-1: Swinging Strike 1-2: Ball 2-2: Foul Ball, location: 2F 2-2: Ball 3-2: SINGLE (Groundball, 34D)
|
Pitching: RHP Stanley Briggs
|
|
Batting: RHB Dave O'Loan
|
0-0: Ball 1-0: Swinging Strike 1-1: Foul Ball, location: 2F 1-2: Foul Ball, location: 2F 1-2: Foul Ball, location: 2F 1-2: Ball 2-2: Fly out, F6 (Line Drive, 6MD)
|
Batting: SHB Oliver Deleón
|
0-0: Ball 1-0: Called Strike 1-1: Swinging Strike 1-2: Ground out 3-1 (Groundball, 3D)
|
Top of the 8th over - 0 run(s), 1 hit(s), 0 error(s), 1 left on base; New Orleans 10 - Birmingham 8 |
BOTTOM OF THE 8TH |
Birmingham Steeldogs batting - Pitching for New Orleans Looters : LHP Tadao Yoshida
|
Batting: RHB José Carlos Caraballo
|
0-0: Fly out, F9 (Flyball, 9S)
|
Batting: RHB Nick Webb
|
0-0: Called Strike 0-1: Foul Ball, location: 2F 0-2: Ground out 4-3 (Groundball, 4)
|
Batting: RHB Sixto Vélez
|
0-0: Called Strike 0-1: Swinging Strike 0-2: SINGLE (Groundball, 4MD)
|
Batting: LHB José Hernández
|
0-0: Ball 1-0: Ball 2-0: Ball 3-0: Base on Balls Sixto Vélez to second
|
Pinch Hitting: RHB Carlos García
|
0-0: Fielders Choice at 2nd, 6-4 (Groundball, 6)
|
Bottom of the 8th over - 0 run(s), 1 hit(s), 0 error(s), 1 left on base; New Orleans 10 - Birmingham 8 |
TOP OF THE 9TH |
New Orleans Looters batting - Pitching for Birmingham Steeldogs : RHP Stanley Briggs
|
Now at 3B: Curt Walker
|
|
Batting: LHB Seung-chun Mun
|
0-0: Called Strike 0-1: Swinging Strike 0-2: Ball 1-2: Strikes out swinging
|
Batting: RHB José Mora
|
0-0: Ball 1-0: Called Strike 1-1: Ball 2-1: Foul Ball, location: 2F 2-2: Foul Ball, location: 2F 2-2: Strikes out swinging
|
Batting: SHB Nate Rhodes
|
0-0: Called Strike 0-1: Ball 1-1: Ball 2-1: Ball 3-1: Base on Balls
|
Batting: LHB Francisco Vega
|
0-0: Ball Nate Rhodes steals 2nd base 1-0: Ball 2-0: Ball 3-0: Base on Balls
|
Pitching: RHP Jeffrey Stephens
|
|
Pinch Hitting: LHB Taylor Smith
|
0-0: Foul Ball, location: 2F 0-1: Fly out, F9 (Flyball, 9S)
|
Top of the 9th over - 0 run(s), 0 hit(s), 0 error(s), 2 left on base; New Orleans 10 - Birmingham 8 |
BOTTOM OF THE 9TH |
Birmingham Steeldogs batting - Pitching for New Orleans Looters : LHP Tadao Yoshida
|
Pitching: LHP Juan Méndez
|
|
Now at C: Ángel Castaneda
|
|
Batting: RHB Yujiro Kurihara
|
0-0: Called Strike 0-1: Fly out, F5 (Popup, 56)
|
Batting: RHB Bob Johnson
|
0-0: SINGLE (Groundball, 34D)
|
Batting: RHB Eric Johnson
|
0-0: Called Strike 0-1: Swinging Strike 0-2: Hit by Pitch Bob Johnson to second
|
Batting: SHB Orlando Aguilar
|
0-0: Ball 1-0: Ball 2-0: Foul Ball, location: 2F 2-1: Ball 3-1: SINGLE (Groundball, 4MD) Bob Johnson to third Eric Johnson to second Runner from 3rd tries for Home, SAFE, no throw
|
Batting: RHB José Carlos Caraballo
|
0-0: Called Strike 0-1: Swinging Strike 0-2: Ball 1-2: Foul Ball, location: 2F 1-2: Foul Ball, location: 2F 1-2: Ball 2-2: SINGLE (Groundball, 3D) Eric Johnson to third Orlando Aguilar to second Runner from 3rd tries for Home, throw and OUT! Orlando Aguilar to third José Carlos Caraballo to second
|
Batting: RHB Nick Webb
|
0-0: Ball 1-0: Called Strike 1-1: Ball 2-1: Foul Ball, location: 2F 2-2: Ball 3-2: Base on Balls
|
Batting: RHB Sixto Vélez
|
0-0: Called Strike 0-1: Ball 1-1: Ball 2-1: Swinging Strike 2-2: Strikes out looking
|
Bottom of the 9th over - 1 run(s), 3 hit(s), 0 error(s), 3 left on base; New Orleans 10 - Birmingham 9 |
|